 Dungeon Crawl Stone Soup version 0.27.0-1-g7a089689b8 (webtiles) character file.

Game seed: 1302159622221735320

120 HungrySpirit the Skirmisher (level 4, -6/40 HPs)
             Began as a Demigod Summoner on Aug 1, 2021.
             Killed from afar by a white imp (8 damage)
             ... with a puff of frost
             ... summoned by Natasha
             ... on level 2 of the Dungeon.
             The game lasted 00:06:06 (3301 turns).

HungrySpirit the Skirmisher (Demigod Summoner)      Turns: 3301, Time: 00:06:06

Health: -6/40      AC:  9    Str: 13    XL:     4   Next: 47%
Magic:  9/9        EV:  6    Int: 17    God:
Gold:   81         SH:  0    Dex: 14    Spells: 3/6 levels left

rFire    . . .     SeeInvis .   h - +1 dagger (vamp)
rCold    . . .     Faith    .   (no shield)
rNeg     . . .     Spirit   .   o - +0 chain mail
rPois    .         Reflect  .   k - +0 helmet
rElec    .         Harm     .   (no cloak)
rCorr    .         Rampage  .   (no gloves)
Will     .....                  (no boots)
Stlth    ..........             (no amulet)
HPRegen  0.13/turn              (no ring)
MPRegen  0.11/turn              (no ring)

@: no status effects
A: high mp 1, forlorn
a: no special abilities


You were on level 2 of the Dungeon.
You visited 1 branch of the dungeon, and saw 3 of its levels.

You collected 81 gold pieces.

Inventory:

Hand Weapons
 e - a +0 short sword
 h - a +1 vampiric dagger (weapon)
Armour
 k - a +0 helmet (worn)
 o - a +0 chain mail (worn)
Scrolls
 b - 2 scrolls of immolation {unknown}
 d - a scroll of fear {unknown}
 g - 2 scrolls of identify {unknown}
 l - a scroll of noise {unknown}
 m - a scroll of teleportation {unknown}
 n - a scroll of enchant weapon {unknown}
Potions
 c - 3 potions of curing {unknown}
 f - a potion of flight {unknown}
 i - a potion of attraction {unknown}
 j - a potion of degeneration {unknown}


   Skills:
 + Level 4.1 Fighting
 - Level 1.7 Dodging
 - Level 1.7 Stealth
 - Level 1.7 Spellcasting
 - Level 3.6 Summonings


You had 3 spell levels left.
You knew the following spells:

 Your Spells              Type           Power      Damage    Failure   Level
a - Summon Small Mammal   Summ           52%        N/A       86%         1
b - Call Imp              Summ           13%        N/A       95%         2

Your spell library contained the following spells:

 Spells                   Type           Power      Damage    Failure   Level
 Call Canine Familiar     Summ           13%        N/A       99%         3
 Sandblast                Erth           2%         2d4       100%        1
 Passwall                 Tmut/Erth      0%         N/A       100%        2
 Summon Guardian Golem    Hex/Summ       7%         N/A       100%        3
 Summon Lightning Spire   Summ/Air       7%         N/A       100%        4
 Lee's Rapid Deconstruct  Erth           0%         3d5*      100%        5


Dungeon Overview and Level Annotations

Branches:
Dungeon (3/15)

Annotations:
D:2 Natasha


Innate Abilities, Weirdness & Mutations

Your attributes grow dramatically as you level up.
You have an increased reservoir of magic. (+10% MP)
You shall have no god before yourself.


Message History

Unknown command.
You hit Natasha.
Natasha is heavily wounded.
Natasha claws you. The white imp hits you. The white imp freezes you.
The shadow imp barely misses you.
Unknown command.
You closely miss Natasha.
Natasha is moderately wounded.
Natasha claws you. The white imp gestures at you.
The puff of frost hits you but does no damage.
The shadow imp hits you but does no damage.
Unknown command.
You barely miss Natasha.
Natasha is moderately wounded.
Natasha claws you. The white imp barely misses you. The shadow imp hits you.
* * * LOW HITPOINT WARNING * * *
Unknown command.
You closely miss Natasha.
Natasha is moderately wounded.
Natasha claws you.
* * * LOW HITPOINT WARNING * * *
The white imp gestures at you. The puff of frost hits you.
* * * LOW HITPOINT WARNING * * *
The shadow imp hits you.
* * * LOW HITPOINT WARNING * * *
You closely miss Natasha.
Natasha is moderately wounded.
Natasha claws you but does no damage.
The white imp hits you but does no damage.
The shadow imp hits you but does no damage.
Unknown command.
You hit Natasha but do no damage.
Natasha is moderately wounded.
Natasha claws you.
* * * LOW HITPOINT WARNING * * *
The white imp gestures at you. The puff of frost hits you!
You die...

####### ......# ......#
########## ......########
#........# .............###
##.......)#
......######...#######.........##
..##### #...5.>.............#.
### #...h@.########.#####. #
#...##5.####....#####. ####
#...##.......#####.... ...#
#...##.....#####...### ####
##...##.....##....#.... #
##....##........####.... ######
##..#####.....#######.... .....#
#..## #......##.........
.....####.######.........#.......


You could see Natasha, a white imp (summoned) and a shadow imp (summoned).

Vanquished Creatures
  Natasha (D:2)
  An adder (D:2)
  A worm (D:2)
  2 ball pythons
  4 bats
  5 endoplasms
  2 giant cockroaches
  7 goblins
  5 hobgoblins
  6 jackals
  A kobold (D:3)
  A quokka (D:1)
  A frilled lizard (D:1)
  5 rats
42 creatures vanquished.

Vanquished Creatures (collateral kills)
  Terence (D:2)
  An adder (D:2)
  A worm (D:2)
  3 dart slugs
  A ball python (D:1)
  3 bats
  A giant cockroach (D:1)
  3 goblins (D:1)
  2 hobgoblins
  5 jackals (D:1)
  A quokka (D:2)
  A frilled lizard (D:2)
  A kobold (D:1)
24 creatures vanquished.

Grand Total: 66 creatures vanquished

Notes
Turn   | Place    | Note
-------+----------+-------------------------------------------
     0 | D:1      | HungrySpirit the Demigod Summoner began the quest for the
                  | Orb.
     0 | D:1      | Reached XP level 1. HP: 14/14 MP: 5/5
   319 | D:1      | Reached skill level 1 in Fighting
   794 | D:1      | Reached XP level 2. HP: 23/23 MP: 2/7
   847 | D:1      | Learned a level 2 spell: Call Imp
   980 | D:1      | Reached skill level 2 in Fighting
  1822 | D:2      | Reached XP level 3. HP: 26/30 MP: 8/8
  1900 | D:2      | Noticed Natasha
  1914 | D:2      | Killed Natasha
  1915 | D:2      | Reached skill level 3 in Fighting
  2300 | D:2      | Reached XP level 4. HP: 35/38 MP: 6/9
  2343 | D:2      | Noticed Terence
  2369 | D:2      | Killed Terence
  2617 | D:2      | Reached skill level 4 in Fighting
  3017 | D:2      | Noticed Natasha
  3301 | D:2      | HP: 2/40 [Natasha (2)]
  3301 | D:2      | Killed from afar by a white imp

Illustrated notes

Levels and vault maps discovered:
D:1:      lemuel_arrival_lava_pool, layout_basic, ebering_ecumenical_altar_box
D:2:      layout_rooms, minmay_split_cup_large, uniq_natasha, uniq_terence
D:3:      layout_loops_corners, hangedman_decor_push, uniq_sigmund

Skill      XL: |  1  2  3  4 |
---------------+-------------+-----
Fighting       | 1 2 3 4 |  4.1
Dodging        | |  1.7
Stealth        | |  1.7
Spellcasting   | |  1.7
Summonings     | |  3.6

Action                   |  1- 3 |  4- 6 || total
-------------------------+-------+-------++-------
Melee: Unarmed           |    17 |       ||    17
       Short sword       |    11 |       ||    11
       Dagger            |   122 |   101 ||   223
 Cast: Summon Small Mamm |    28 |       ||    28
       Call Imp          |    18 |     5 ||    23
 Stab: Sleeping          |     4 |       ||     4
Armor: Robe              |    42 |     2 ||    44
       Chain mail        |       |    65 ||    65
Dodge: Dodged            |   131 |    40 ||   171
